 Dungeon Crawl Stone Soup version 0.28-a0-48-gfd831c5874 (webtiles) character file.

Game seed: 1296891076749274942

2830 lunkers the Thaumaturge (level 10, -2/60 HPs)
             Began as a Djinni Earth Elementalist on July 29, 2021.
             Was a Follower of Makhleb.
             Slain by a water moccasin (5 damage)
             ... on level 7 of the Dungeon.
             The game lasted 00:21:29 (9558 turns).

lunkers the Thaumaturge (Djinni Earth Elementalist) Turns: 9558, Time: 00:21:30

Health: -2/60      AC:  4    Str:  7    XL:     10   Next: 3%
Gold:   484        EV: 11    Int: 20    God:    Makhleb [*.....] SH:  0 Dex: 14

rFire   + + .      SeeInvis .   (no weapon)
rCold   x . .      Faith    .   (no shield)
rNeg    . . .      Spirit   .   d - +1 leather armour {Will+}
rPois   ∞          Reflect  .   (no helmet)
rElec   .          Harm     .   (no cloak)
rCorr   .          Rampage  .   (no gloves)
Will    ++...                   (boots unavailable)
Stlth   ++........              f - amulet of the acrobat
HPRegen 0.20/turn               (no ring)
MPRegen 0.00/turn               (no ring)

@: about to teleport, flying
A: sickness immunity, fire resistance 2, cold vulnerability 1, float, innate
caster, hp casting, extra vitality 1
a: Renounce Religion


You were on level 7 of the Dungeon.
You worshipped Makhleb.
Makhleb was aware of your devotion.
You visited 2 branches of the dungeon, and saw 8 of its levels.
You also visited: Sewer.

You collected 484 gold pieces.

Inventory:

Hand Weapons
 u - a +1 dagger of flaming
Missiles
 c - 2 curare-tipped darts
 h - 196 stones
 x - 2 throwing nets
Armour
 b - a +0 robe
 d - a +1 leather armour of willpower (worn)
Jewellery
 f - an amulet of the acrobat (around neck)
Wands
 s - a wand of digging (2)
Scrolls
 a - a scroll of enchant armour {unknown}
 g - a scroll of immolation {unknown}
 i - a scroll of holy word {unknown}
 l - a scroll of blinking {unknown}
 m - a scroll of fear {unknown}
 p - 2 scrolls of fog
 q - a scroll of summoning {unknown}
 t - a scroll of magic mapping {unknown}
Potions
 e - a potion of lignification {unknown}
 j - 3 potions of haste
 k - 2 potions of heal wounds
 n - 2 potions of invisibility {unknown}
 o - a potion of resistance {unknown}
 v - 2 potions of mutation {unknown}
 w - a potion of curing {unknown}


   Skills:
 - Level 2.1 Dodging
 - Level 1.5 Stealth
 * Level 10.3 Spellcasting


You had 9 spell levels left.
You knew the following spells:

 Your Spells              Type           Power      Damage    Failure   Level
a - Stone Arrow           Conj/Erth      100%       3d13      1%          3
b - Passwall              Tmut/Erth      42%        N/A       1%          2
c - Sandblast             Erth           100%       2d20      1%          1
d - Petrify               Tmut/Erth      51%        N/A       1%          4
e - Sting                 Tmut/Pois      100%       1d8       1%          1
f - Corpse Rot            Necr/Air       N/A        N/A       1%          2
g - Frozen Ramparts       Ice            100%       1d12      1%          3
h - Cause Fear            Hex            25%        N/A       1%          4
Your spell library was empty.

Dungeon Overview and Level Annotations

Branches:
Dungeon (7/15)             Temple (1/1) D:5           Sewer (visited)

Altars:
Ashenzari
Cheibriados
Dithmenos
Elyvilon
Fedhas
Gozag
Kikubaaqudgha
Makhleb
Nemelex Xobeh
Okawaru
Ru
Sif Muna
Trog
Uskayaw
Wu Jian
Xom
Yredelemnul
The Shining One


Innate Abilities, Weirdness & Mutations

You are immune to sickness and miasma.
You are immune to poison.
Your flesh is very heat resistant. (rF++)
You are vulnerable to cold. (rC-)
You float through the air rather than walking.
You learn spells naturally, not from books.
Your magical power is your life essence.
You have superior vitality. (+4 HP)


Message History

Unknown command.
Unknown command.
Unknown command.
Casting: Stone Arrow (safe; 1% risk of failure)
Confirm with . or Enter, or press ? or * to list all spells.
Aiming: Stone Arrow (safe; 1% risk of failure)
Press: ? - help, Shift-Dir - straight line, f/p - orc warrior
Aim: an orc warrior, wielding a +0 trident and wearing a +0 plate armour (severely wounded, 78% to hit)
The stone arrow hits the orc warrior!
You kill the orc warrior!
Makhleb accepts your kill.
* * * LOW HITPOINT WARNING * * *
You have reached level 10!
The steam dragon breathes steam at you. The ball of steam hits you. You resist.
* * * LOW HITPOINT WARNING * * *
You hear a shout!
As you read the scroll labelled OHAXTOFRAI, it crumbles to dust.
You feel strangely unstable.
It was a scroll of teleportation.
Unknown command.
Your surroundings suddenly seem different.
A water moccasin comes into view.
The water moccasin hisses angrily.
A howler monkey skeleton comes into view.
A centaur zombie comes into view.
A wyvern zombie comes into view.
Found the -6 helmet of Instinct {Dex+7} and a cloak.
You see here the -6 helmet of Instinct {Dex+7}.
Unknown command.
As you read the scroll of teleportation, it crumbles to dust.
You feel strangely unstable. The howler monkey skeleton hits you.
* * * LOW HITPOINT WARNING * * *
The water moccasin barely misses you. The water moccasin misses you.
You reach down and open the door.
Your surroundings seem slightly different.
The howler monkey skeleton hits you.
* * * LOW HITPOINT WARNING * * *
As you read the scroll of teleportation, it crumbles to dust.
You feel strangely unstable. The water moccasin bites you.
You die...

.......#. #≈≈≈≈
.........# #≈≈≈≈
#.###.#### # ###≈≈≈≈
..###..## .. #.#≈≈≈≈
........# #####.
#..≈≈≈≈ .<#####...
.... #.#.≈≈≈ .## .
##'## #..≈.≈≈ .#
##...## ##...... .#
##@ZZ..## ##....... .#
#.ZS....# #........ .#
#...[[..# #........ .#
# #.......# #........
.#
##.##.....##.##.......
.##
#...##...##...##......
..######
....§#####..o..#...#..
#......## #.........#
###.... .....#..##
o...##'##.$..c# #....


You could see a water moccasin, a wyvern zombie, a centaur zombie and a howler
monkey skeleton.

Vanquished Creatures
  Pikel (D:5)
  Prince Ribbit (D:5)
  Sigmund (D:6)
  2 water moccasins
  An orc warrior (D:7)
  A sky beast (D:7)
  An ice beast (D:7)
  A necrophage (D:5)
  An ogre (D:4)
  4 lemures
  3 phantoms (D:5)
  5 scorpions
  A wyvern skeleton (D:7)
  2 howler monkeys (D:5)
  3 orc priests
  2 hounds
  A bullfrog skeleton (D:6)
  2 gnoll shamans
  A jelly (D:6)
  2 centaur skeletons
  Ijyb (D:3)
  2 iguanas
  2 orc wizards
  2 hound skeletons
  7 gnolls
  6 adders
  3 river rats
  A white imp (D:6)
  2 ufetubi (D:5)
  3 worms
  2 dart slugs
  15 orcs
  6 bats
  6 endoplasms
  4 giant cockroaches (D:1)
  7 goblins
  6 hobgoblins
  4 jackals (D:1)
  7 kobolds
  3 quokkas
  9 ball pythons
  12 frilled lizards
  7 rats
153 creatures vanquished.

Notes
Turn   | Place    | Note
-------+----------+-------------------------------------------
     0 | D:1      | lunkers the Djinni Earth Elementalist began the quest for
                  | the Orb.
     0 | D:1      | Reached XP level 1. HP: 15/15 MP: 0/0
    19 | D:1      | Reached XP level 2. HP: 11/21 MP: 0/0
   309 | D:1      | Reached skill level 3 in Spellcasting
   503 | D:1      | Reached XP level 3. HP: 23/25 MP: 0/0
   503 | D:1      | Learned a level 1 spell: Sting
  1601 | D:2      | Reached XP level 4. HP: 28/31 MP: 0/0
  2009 | D:3      | Found a glowing drain.
  2149 | Sewer    | Entered a sewer
  2656 | Sewer    | Reached skill level 4 in Spellcasting
  2894 | Sewer    | Reached XP level 5. HP: 16/35 MP: 0/0
  2894 | Sewer    | Learned a level 2 spell: Corpse Rot
  3899 | D:3      | Noticed Ijyb
  3904 | D:3      | Killed Ijyb
  4272 | D:3      | You are sucked into a shaft and drop 1 floor!
  4272 | D:4      | Found a burning altar of Makhleb.
  4277 | D:4      | Noticed an ogre
  4282 | D:4      | Killed an ogre
  4283 | D:4      | Reached skill level 5 in Spellcasting
  4283 | D:4      | Reached XP level 6. HP: 34/40 MP: 0/0
  4449 | D:4      | Found an opulent altar of Gozag.
  4931 | D:4      | Found a white marble altar of Elyvilon.
  4938 | D:4      | Reached XP level 7. HP: 29/45 MP: 0/0
  4938 | D:4      | Learned a level 3 spell: Frozen Ramparts
  5384 | D:4      | Reached skill level 6 in Spellcasting
  5644 | D:5      | Entered Level 5 of the Dungeon
  5644 | D:5      | Noticed Pikel
  6113 | D:5      | Noticed Prince Ribbit
  6117 | D:5      | Killed Prince Ribbit
  6118 | D:5      | Reached XP level 8. HP: 44/50 MP: 0/0
  6125 | D:5      | Reached skill level 7 in Spellcasting
  6564 | D:5      | Found a staircase to the Ecumenical Temple.
  6573 | Temple   | Entered the Ecumenical Temple
  6871 | D:4      | Became a worshipper of Makhleb the Destroyer
  6997 | D:5      | Found a shadowy altar of Dithmenos.
  7340 | D:5      | Reached skill level 8 in Spellcasting
  7795 | D:5      | Reached XP level 9. HP: 43/55 MP: 0/0
  7795 | D:5      | Learned a level 4 spell: Cause Fear
  7862 | D:5      | Killed Pikel
  7863 | D:5      | Reached skill level 9 in Spellcasting
  8149 | D:6      | Found a hide-covered altar of Uskayaw.
  8319 | D:6      | Found a sparkling altar of Nemelex Xobeh.
  8469 | D:6      | Noticed Sigmund
  8472 | D:6      | Killed Sigmund
  8484 | D:6      | Reached * piety under Makhleb
  8883 | D:6      | Found a glowing golden altar of the Shining One.
  9073 | D:7      | Found a sacrificial altar of Ru.
  9081 | D:7      | Reached skill level 10 in Spellcasting
  9548 | D:7      | Reached XP level 10. HP: 14/60 MP: 0/0
  9552 | D:7      | Identified the -6 helmet of Instinct {Dex+7}
  9557 | D:7      | HP: 3/60 [howler monkey skeleton (2)]
  9558 | D:7      | Slain by a water moccasin

Illustrated notes

Levels and vault maps discovered:
D:1:      minmay_arrival_checkered_box, layout_basic
D:2:      layout_rooms, kennysheep_pointless_box
D:3:      layout_loops_ring, cheibrodos_sewer_entry_sluice, uniq_ijyb
D:4:      layout_loops_corners, mainiacjoe_overflow_chevrons,
          amcnicky_altar_gilded, elyvilon_altar_3, dk_rats_in_the_wall
D:5:      layout_loops_cross, grunt_dithmenos_smoke_and_mirrors,
          minmay_temple_entry_overgrown, kennysheep_cross_bottleneck,
          uniq_pikel, uniq_prince_ribbit1
D:6:      layout_rooms, tso_metal_star, nemelex_spade_bored_becter,
          kennysheep_mini, sigmund_army
D:7:      minmay_octagon_keep, layout_rooms, nicolae_ru_sacrificial_ziggurat,
          chequers_serial_rivers_large_a
Temple:   dpeg_chambers_temple

Skill      XL: |  1  2  3  4  5  6  7  8  9 |
---------------+----------------------------+-----
Spellcasting   | 3 4 5 6 8 10 | 10.3
Dodging        | |  2.1
Stealth        | |  1.5

Action                   |  1- 3 |  4- 6 |  7- 9 | 10-12 || total
-------------------------+-------+-------+-------+-------++-------
Melee: Unarmed           |     9 |     6 |       |       ||    15
 Cast: Sandblast         |    54 |       |       |       ||    54
       Stone Arrow       |     3 |    74 |   116 |       ||   193
  Use: Scroll            |       |       |     5 |     3 ||     8
Armor: Leather armour    |     3 |     7 |     1 |       ||    11
Dodge: Dodged            |    11 |    18 |    16 |     2 ||    47

Table legend: (Time is in decaauts)
 A = Elapsed time spent in this place.
 B = Non-inter-level travel time spent in this place.
 C = Inter-level travel time spent in this place.
 D = Time resting spent in this place.
 E = Time spent auto-exploring this place.
 F = Levels seen in this place.
 G = Mean time per level.
                   A        B        C        D        E       F      G
               +--------+--------+--------+--------+--------+-----+--------+
         Total |   9560 |   9237 |    323 |    496 |   7491 |   9 | 1062.2 |
       Dungeon |   8149 |   7851 |    298 |    450 |   6316 |   7 | 1164.1 |
        Temple |    245 |    220 |     25 |      0 |    202 |   1 |  245.0 |
         Sewer |   1165 |   1165 |      0 |     46 |    973 |   1 | 1165.0 |
               +--------+--------+--------+--------+--------+-----+--------+

Top non-repeatable levels by time:
     D:5: 1795 daAuts
     D:4: 1710 daAuts
     D:3: 1213 daAuts
     D:1: 1178 daAuts
   Sewer: 1165 daAuts
     D:6: 1011 daAuts
     D:2: 714 daAuts
     D:7: 525 daAuts
  Temple: 245 daAuts
